 Dungeon Crawl Stone Soup version 0.30-a0-371-gad7725a93e (webtiles) character file.

Game seed: 740232172477161905

2427 leviel the Cleaver (level 9, 0/81 HPs)
             Began as a Hill Orc Fighter on Nov 21, 2022.
             Was a Believer of Fedhas.
             Slain by a vampire mosquito (8 damage)
             ... on level 8 of the Dungeon.
             The game lasted 00:08:08 (6528 turns).

leviel the Cleaver (Hill Orc Fighter)               Turns: 6528, Time: 00:08:09

Health: 0/81       AC: 16    Str: 23    XL:     9   Next: 48%
Magic:  9/9        EV:  8    Int:  8    God:    Fedhas [**....]
Gold:   399        SH:  5    Dex: 10    Spells: 8/8 levels left

rFire   . . .      SeeInvis .    a - +2 war axe (protect)
rCold   + . .      Faith    .    c - +0 buckler
rNeg    . . .      Spirit   .    q - +3 chain mail {rC+}
rPois   .          Reflect  .    h - +0 helmet
rElec   .          Harm     .    (no cloak)
rCorr   .          Rampage  .    (no gloves)
Will    .....                    l - +0 pair of boots
Stlth   ..........               (no amulet)
HPRegen 0.33/turn                (no ring)
MPRegen 0.11/turn                (no ring)

@: no status effects
A: no striking features
a: Renounce Religion, Wall of Briars


You were on level 8 of the Dungeon.
You worshipped Fedhas.
Fedhas was pleased with you.
You visited 1 branch of the dungeon, and saw 9 of its levels.

You collected 399 gold pieces.

Inventory:

Hand Weapons
 a - a +2 war axe of protection (weapon)
Missiles
 t - a throwing net (quivered)
Armour
 c - a +0 buckler (worn)
 h - a +0 helmet (worn)
 l - a +0 pair of boots (worn)
 q - a +3 chain mail of cold resistance (worn)
Jewellery
 x - a ring of protection from fire
Wands
 b - a wand of roots (12)
Scrolls
 e - 8 scrolls of identify {@r1}
 m - a scroll of blinking
 o - a scroll of brand weapon
 r - a scroll of enchant weapon {@r3}
Potions
 d - a potion of might
 g - a potion of resistance
 i - a potion of heal wounds
 j - a potion of magic {unknown}
 k - a potion of degeneration {unknown}
 n - 2 potions of flight
 p - 2 potions of lignification
 s - a potion of ambrosia {unknown}
 u - a potion of curing {unknown}
 v - 2 potions of mutation {unknown}
 w - a potion of invisibility {unknown}


   Skills:
 + Level 7.8 Fighting
 * Level 10.3 Axes
 + Level 7.0 Armour
 + Level 7.0 Shields


You had 8 spell levels left.
You didn't know any spells.
Your spell library contained the following spells:

 Spells                   Type           Power      Damage    Failure   Level
 Magic Dart               Conj           0%         1d3       98%         1
 Shock                    Conj/Air       0%         1d3       98%         1
 Sting                    Tmut/Pois      0%         1d3       98%         1
 Call Imp                 Summ           0%         N/A       99%         2
 Poisonous Vapours        Pois/Air       0%         N/A       99%         2
 Searing Ray              Conj           0%         2d4       99%         2
 Sublimation of Blood     Necr           0%         N/A       99%         2
 Wereblood                Tmut           0%         N/A       99%         2
 Mephitic Cloud           Conj/Pois/Air  0%         N/A       100%        3
 Swiftness                Air            0%         N/A       100%        3
 Airstrike                Air            0%         2d(0-16)  100%        4
 Fulminant Prism          Conj/Hex       0%         3d5       100%        4
 Olgreb's Toxic Radiance  Pois           0%         N/A       100%        4
 Fireball                 Conj/Fire      0%         3d3       100%        5
 Iskenderun's Battlesphe  Conj           0%         2d6       100%        5
 Conjure Ball Lightning   Conj/Air       0%         3x3d6     100%        6
 Orb of Destruction       Conj           0%         9d5       100%        7
 Summon Hydra             Summ           0%         N/A       100%        7


Dungeon Overview and Level Annotations

Branches:
Dungeon (9/15)             Temple (0/1) D:5
   Lair: D:8-11         Orc: D:9-12

Altars:
Ashenzari
Dithmenos
Fedhas
Vehumet
Wu Jian
Xom

Shops:
D:3 (

Annotations:
D:7 1 runed translucent door, Crazy Yiuf


Message History

The fire elemental closely misses you. The vampire mosquito bites you.
The vampire mosquito draws strength from your injuries!
The deep elf pyromancer mumbles some strange words.
The deep elf pyromancer blinks!
The fire elemental hits you. The fire elemental burns you!
The fire elemental barely misses you.
The vampire mosquito bites you but does no damage.
The vampire mosquito bites you!
* * * LOW HITPOINT WARNING * * *
The vampire mosquito draws strength from your injuries!
You block the vampire mosquito's attack.
The vampire mosquito bites you but does no damage.
The vampire mosquito misses you.
The vampire mosquito completely misses you.
The vampire mosquito attacks as you move away!
The vampire mosquito bites you.
* * * LOW HITPOINT WARNING * * *
The vampire mosquito draws strength from your injuries!
The fire elemental hits you.
* * * LOW HITPOINT WARNING * * *
The fire elemental burns you!
* * * LOW HITPOINT WARNING * * *
The vampire mosquito barely misses you. The vampire mosquito barely misses you.
The vampire mosquito bites you but does no damage.
The vampire mosquito bites you.
* * * LOW HITPOINT WARNING * * *
The vampire mosquito draws strength from your injuries!
The vampire mosquito attacks as you move away!
The vampire mosquito bites you but does no damage.
The vampire mosquito bites you.
* * * LOW HITPOINT WARNING * * *
The vampire mosquito draws strength from your injuries!
The vampire mosquito attacks as you move away!
The vampire mosquito bites you but does no damage.
You block the vampire mosquito's attack.
The vampire mosquito attacks as you move away!
The vampire mosquito bites you but does no damage.
The vampire mosquito bites you!
You die...
Fedhas appreciates your contribution to the ecosystem.

#.......# .....#
#.####..###.....#
##...........#
#....##..#.#.# #
#..#.##..#.#<#
#.##..#.......#.##
#.......†#.......#
####..##.#)......##
######...Ey@).......
........°☼E))...##.#
.######°####.##.##.#
#○# #.......# #☼#
#.......# #○##
###...### #○.# #...#
##++##..# #...#
......z°# #...#


You could see 2 fire elementals and a vampire mosquito.

Vanquished Creatures
  4 water moccasins
  An ice beast (D:5)
  A sky beast (D:7)
  A black bear (D:5)
  4 phantoms
  3 kobold brigands
  2 bullfrogs
  A necrophage (D:6)
  3 scorpions
  4 killer bees (D:6)
  A howler monkey (D:5)
  4 jellies
  4 hounds
  A gnoll bouda (D:7)
  Terence (D:3)
  4 iguanas
  An orc wizard (D:5)
  9 gnolls
  9 adders
  A white imp (D:5)
  8 orcs
  4 ball pythons
  4 bats
  4 endoplasms
  4 giant cockroaches
  10 goblins
  6 hobgoblins
  2 jackals (D:2)
  9 quokkas
  4 frilled lizards
  30 kobolds
  7 rats
151 creatures vanquished.

Vanquished Creatures (others)
  8 fungi (D:5)
  47 plants (D:5)
55 creatures vanquished.

Grand Total: 206 creatures vanquished

Notes
Turn   | Place    | Note
-------+----------+-------------------------------------------
     0 | D:1      | leviel the Hill Orc Fighter began the quest for the Orb.
     0 | D:1      | Reached XP level 1. HP: 19/19 MP: 1/1
    98 | D:1      | Reached skill level 3 in Axes
    98 | D:1      | Reached XP level 2. HP: 25/27 MP: 2/2
   334 | D:1      | Reached XP level 3. HP: 33/33 MP: 3/3
  1268 | D:3      | Reached XP level 4. HP: 40/41 MP: 4/4
  1382 | D:3      | Reached skill level 4 in Axes
  1423 | D:3      | Reached XP level 5. HP: 47/47 MP: 5/5
  1520 | D:3      | Found Odan Mushrets's Weapon Shop.
  1618 | D:3      | Found a broken altar of Ashenzari.
  1762 | D:3      | Noticed Terence
  1770 | D:3      | Killed Terence
  2633 | D:4      | Found a blossoming altar of Fedhas.
  2639 | D:4      | Noticed a phantom
  2651 | D:4      | Killed a phantom
  2652 | D:4      | Reached skill level 5 in Fighting
  2652 | D:4      | Reached skill level 5 in Axes
  2652 | D:4      | Reached XP level 6. HP: 46/56 MP: 6/6
  2807 | D:4      | Found an ornate altar of the Wu Jian Council.
  2815 | D:4      | Became a worshipper of Fedhas Madash
  3171 | D:5      | Entered Level 5 of the Dungeon
  3252 | D:5      | Identified the +5 falchion of Maciwyt {vorpal, Will++
                  | Str-4}
  3359 | D:5      | Noticed a black bear
  3371 | D:5      | Killed a black bear
  3372 | D:5      | Reached skill level 6 in Axes
  3372 | D:5      | Reached XP level 7. HP: 50/61 MP: 7/7
  3385 | D:5      | Reached skill level 5 in Shields
  3465 | D:5      | Reached skill level 5 in Armour
  3724 | D:5      | Reached skill level 7 in Axes
  3753 | D:5      | Found a staircase to the Ecumenical Temple.
  3975 | D:5      | Reached * piety under Fedhas
  4003 | D:5      | Reached XP level 8. HP: 68/70 MP: 8/8
  4383 | D:6      | Reached skill level 8 in Axes
  5063 | D:6      | Reached skill level 9 in Axes
  5083 | D:6      | Reached XP level 9. HP: 25/79 MP: 9/9
  5987 | D:7      | Reached ** piety under Fedhas
  6245 | D:7      | Found a shimmering altar of Xom.
  6246 | D:7      | Found a shadowy altar of Dithmenos.
  6252 | D:7      | Found a radiant altar of Vehumet.
  6312 | D:7      | Found a runed translucent door.
  6313 | D:7      | Noticed Crazy Yiuf
  6334 | D:7      | You fall into a shaft and drop 2 floors!
  6385 | D:8      | Reached skill level 10 in Axes
  6502 | D:8      | Noticed a deep elf pyromancer
  6528 | D:8      | Slain by a vampire mosquito

Illustrated notes

Levels and vault maps discovered:
D:1:      minmay_arrival_cross, layout_basic
D:2:      layout_basic
D:3:      layout_basic, nicolae_ashenzari_skybound, serial_shops,
          nicolae_shop_bloodbath_and_beyond, uniq_terence
D:4:      layout_basic, mainiacjoe_overflow_big_doors, grunt_decor_cap
D:5:      layout_loops_ring, minmay_temple_entry_from_below_b, serial_bayou,
          serial_bayou_ford_a, serial_bayou_shore_a, serial_bayou_lagoon_b,
          serial_bayou_pond_a, minmay_hedge_maze, minmay_misc_feat_plants
D:6:      layout_layer_cave
D:7:      layout_cave_pods, gammafunk_temple_overflow_forgotten,
          corexii_hall_statues_t, uniq_crazy_yiuf_cottage
D:8:      minmay_curly_fans, layout_loops_cross, general_overflow_altar
D:9:      layout_irregular_city, slow_altar_1

Skill      XL: |  1  2  3  4  5  6  7  8  9 |
---------------+----------------------------+-----
Axes           | 3 4 5 6 7 9 10 | 10.3
Fighting       | 4 5 6 7 |  7.8
Shields        | 4 5 6 7 |  7.0
Armour         | 4 5 6 7 |  7.0

Action                   |  1- 3 |  4- 6 |  7- 9 || total
-------------------------+-------+-------+-------++-------
Melee: War axe           |   122 |   134 |   245 ||   501
  Use: Scroll            |       |    10 |     4 ||    14
       Potion            |       |       |     2 ||     2
Armor: Scale mail        |    75 |    21 |       ||    96
       Chain mail        |       |    53 |   216 ||   269
Dodge: Dodged            |    69 |    54 |   103 ||   226
Block: Buckler           |    29 |    39 |    71 ||   139

Table legend: (Time is in decaauts)
 A = Elapsed time spent in this place.
 B = Non-inter-level travel time spent in this place.
 C = Inter-level travel time spent in this place.
 D = Time resting spent in this place.
 E = Time spent auto-exploring this place.
 F = Levels seen in this place.
 G = Mean time per level.
                   A        B        C        D        E       F      G
               +--------+--------+--------+--------+--------+-----+--------+
         Total |   6691 |   6286 |    405 |    248 |   4864 |   9 |  743.4 |
       Dungeon |   6691 |   6286 |    405 |    248 |   4864 |   9 |  743.4 |
               +--------+--------+--------+--------+--------+-----+--------+

Top non-repeatable levels by time:
     D:6: 1808 daAuts
     D:3: 1161 daAuts
     D:5: 1010 daAuts
     D:4: 809 daAuts
     D:1: 673 daAuts
     D:2: 608 daAuts
     D:7: 425 daAuts
     D:8: 148 daAuts
     D:9: 45 daAuts
